Amaranta XI, neutral female human Wizard ----------------------------------------------------------------------------- |.....|}}}}}}}}}.............................................}}}}}}}}}|.|...| |--.|.|}-------}}}}}}}}}}}}}}}}}}}}}}}}}}}}}}}}}}}}}}}}}}}}}}}-------}|.|.|.| |...|.|}|.....|-----------------------------------------------|.....|}|...|.| |3---.|}|.....+...............................................+.....|}|.---.| |.|...|}-------------------------------+-----------------------------}|.|...| |.|.--|}}}}}}|........|..........+...........|.......|.|.......|}}}}}}--|.--| |.|...|.....}|........|..........|...........|.......|.|.......|}.......|...| |H|---|.....}|........|----------|...........|-----------------|}.....|.---.| |@|...|.....}+...{....+..........+.........\(|.................+......|...|.| |.|.|.|.....}|........|----------|...........|-----------------|}.....|--.|.| |.|.|.......}|........|..........|...........|.......|.|.......|}.....|...|.| |%|.---}}}}}}|........|..........+...........|.......|.|.......|}}}}}}|.--|.| |.|...|}-------------------------------+-----------------------------}|...|.| |.---.|}|.....+...............................................+.....|}|--.|.| |...|.|}|.....|-----------------------------------------------|.....|}|.|...| |.|.|.|}-------}}}}}}}}}}}}}}}}}}}}}}}}}}}}}}}}}}}}}}}}}}}}}}}-------}|.---.| |.|.<.|}}}}}}}}}.............................................}}}}}}}}}|.....| ----------------------------------------------------------------------------- Amaranta XI the Enchantress Experience level: 15 Strength: 18/02 Dexterity: 19 Constitution: 17 Intelligence: 19 Wisdom: 19 Charisma: 8 Health: 0(122) Energy: 155(195) Def: 16 Gold: 0 Moves: 17434 Dungeon seed: UArOtIJdb-ULqNT9 Game ID: Amaranta XI_1444330770 Your Inventory: Amulets c - the blessed Eye of the Aethiopica y - an uncursed amulet of reflection (being worn) Weapons a - a blessed +4 quarterstaff (weapon in hands) Armor e - an uncursed +0 cloak of magic resistance (being worn) q - an uncursed +1 pair of gauntlets of dexterity (being worn) E - a blessed +4 Hawaiian shirt (being worn) K - an uncursed fireproof +5 pair of speed boots (being worn) N - an uncursed +1 dwarvish iron helm (being worn) Comestibles p - 2 uncursed lizard corpses C - an uncursed food ration D - an uncursed eucalyptus leaf Q - an uncursed lembas wafer Spellbooks m - an uncursed spellbook of fireball Potions i - an uncursed potion of water v - a cursed potion of speed Rings h - an uncursed ring of free action j - an uncursed +2 ring of gain strength (on left hand) L - an uncursed ring of slow digestion (on right hand) Wands o - a wand of fire (0:5) w - a wand of sleep (0:3) B - a wand of polymorph (0:4) S - a wand of striking (0:8) X - a wand of teleportation (0:4) Y - a wand of create monster (0:13) Tools d - the Bell of Opening (0:3) f - an uncursed skeleton key g - an uncursed blindfold s - an uncursed bag of holding u - a blessed +0 unicorn horn H - an uncursed oilskin sack I - an uncursed pair of lenses Gems n - a blessed luckstone r - 3 uncursed opals Contents of the bag of holding: 7655 gold pieces a cheap plastic imitation of the Amulet of Yendor an uncursed +0 mummy wrapping a blessed +0 pair of gauntlets of dexterity 5 uncursed food rations 2 uncursed lizard corpses a blessed scroll of blank paper an uncursed scroll of blank paper an uncursed scroll of confuse monster an uncursed scroll of create monster an uncursed scroll of destroy armor 2 blessed scrolls of enchant weapon 2 uncursed scrolls of enchant weapon a blessed scroll of fire an uncursed scroll of fire an uncursed scroll of genocide an uncursed scroll of gold detection an uncursed scroll of identify a cursed scroll of identify 2 uncursed scrolls of magic mapping a cursed scroll of magic mapping 5 uncursed scrolls of remove curse a cursed scroll of remove curse 2 uncursed scrolls of scare monster an uncursed scroll of taming a cursed scroll of teleportation an uncursed scroll of water an uncursed spellbook of create monster an uncursed spellbook of magic missile a blessed potion of full healing a cursed potion of gain level 4 uncursed potions of healing 3 potions of holy water an uncursed potion of levitation 3 uncursed potions of restore ability an uncursed potion of speed a potion of unholy water 4 uncursed potions of water an uncursed ring of conflict an uncursed ring of conflict an uncursed ring of free action an uncursed ring of levitation an uncursed ring of polymorph an uncursed ring of polymorph control an uncursed ring of regeneration an uncursed ring of regeneration a wand of secret door detection (0:15) a magic marker (0:89) a magic marker (0:61) a magic marker (0:56) a magic marker (0:51) an uncursed oilskin sack 3 uncursed amethyst stones 12 uncursed diamonds 17 uncursed opals Spells and supernatural/magical abilities: Name Level Category Fail Memory a - force bolt 1 attack 0% 13% c - cause fear 3 enchantment 0% 81% h - healing 1 healing 0% 81% m - magic missile 2 attack 0% 14% n - detect monsters 1 divination 0% 13% o - cone of cold 4 attack 0% 79% p - protection 1 clerical 0% 83% r - remove curse 3 clerical 62% 81% x - extra healing 3 healing 62% 84% z - sleep 1 enchantment 0% 78% H - haste self 3 escape 62% 78% I - identify 3 divination 0% 78% K - cure sickness 3 healing 62% 71% M - magic mapping 5 divination 0% 78% W - pray for help -- divine ? -- Your skills at the end: Miscellaneous Skills wands [Skilled] Weapon Skills quarterstaff [Expert] Spellcasting Skills attack spells [Expert] divination spells [Skilled] enchantment spells [Basic] Final Attributes: You were piously aligned. You were fire resistant. You were cold resistant. You were sleep resistant. You were poison resistant. You were magic-protected. You saw invisible. You were telepathic. You were warned. You were invisible to others. You had slower digestion. You were very fast. You had reflection. You were extremely lucky. You had extra luck. Good luck did not time out for you. You are dead. Vanquished creatures: Medusa a glass golem 3 red dragons 10 white dragons a yellow dragon 6 minotaurs The Dark One 2 baluchitheria a trapper 8 baby red dragons 43 baby white dragons a lurker above 3 frost giants 2 ghosts an ettin a lieutenant 5 giant mimics an ogre king 22 doppelgangers an air elemental 4 hill giants a giant mummy 2 xorns 6 wargs 5 small mimics an island nymph an ettin mummy 3 ogre lords a quantum mechanic a wood golem an electric eel a pyrolisk a large dog a freezing sphere a gargoyle 3 dwarf kings 4 tengu 2 ochre jellies a leocrotta an energy vortex 4 giants an elf mummy 3 pythons a wraith 3 ettin zombies 9 Grey-elves 2 incubi 2 giant beetles 4 cockatrices 7 wolves a winter wolf cub 3 lynxes a gremlin 7 leprechauns a spotted jelly 5 lizards 3 mountain nymphs 10 giant spiders a scorpion an iron piercer a horse 2 ice vortices 38 vampire bats a forest centaur a gnome king 6 dwarf mummies 2 ogres 2 brown puddings 2 rust monsters 3 owlbears a yeti a werewolf a Green-elf 2 piranhas 4 giant eels an apprentice 3 chickatrices a dog 2 dingos 3 jaguars 6 dwarf lords a blue jelly 2 water nymphs 5 white unicorns a black unicorn 2 ravens a plains centaur 3 gnome mummies 3 snakes 4 apes 2 human zombies 2 Woodland-elves 3 soldier ants 3 imps a quasit 2 wood nymphs 2 Mordor orcs 12 Uruk-hai a rock mole 4 rock piercers 2 ponies a fog cloud 2 yellow lights 2 shriekers 4 violet fungi 16 gnome lords 10 gnomish wizards 3 kobold mummies a golden naga hatchling a guardian naga hatchling 2 gray oozes a barrow wight an elf zombie 2 straw golems 2 paper golems 14 giant ants 5 floating eyes 22 dwarves 6 homunculi 3 kobold lords 2 kobold shamans 3 iguanas 4 hill orcs 4 rothes a rabid rat 7 giant bats a monkey 5 dwarf zombies 2 wererats 3 werejackals 10 killer bees 2 coyotes 3 gas spores 5 hobbits 2 acid blobs 2 large kobolds 5 geckos 2 hobgoblins 9 giant rats 11 cave spiders 3 brown molds a yellow mold 2 green molds 2 red molds 68 gnomes 11 garter snakes 3 manes 7 jackals a fox a kobold 13 newts 8 goblins 5 sewer rats 11 grid bugs 8 bats 6 lichens 694 creatures vanquished. Voluntary challenges: You used a wielded weapon 676 times, starting on turn 324. You read items or engraved 110 times, starting on turn 76. You never genocided any monsters. You polymorphed 302 items, starting on turn 6975. You never changed form. You completed Sokoban on turn 9709, according to the rules. You used no wishes. You never split a pudding. You never wrote Elbereth's name. You violated your moral code, losing 5 points of alignment, starting on turn 9795. You abstained from Elbereth's help. Dungeon overview: The Dungeons of Doom: levels 1 to 28 Level 1 a long staircase Level 2 some fountains Level 3 a weapon shop stairs to The Gnomish Mines Level 4 an altar to Thoth Level 5 a fountain Level 6 Level 7 Level 8 a fountain Level 9 many fountains Level 10 stairs to Sokoban Level 11 a general store, a fountain Level 12 Level 13 Level 14 some fountains Level 15 some altars to Anhur, a fountain portal to The Quest Level 16 Level 17 Level 18 Level 19 some fountains Level 20 a fountain, a sink Level 21 a general store, a fountain Level 22 Level 23 Level 24 Level 25 Level 26 Level 27 Level 28 <- You were here a magic chest, a fountain, a throne The Gnomish Mines: levels 4 to 12 Level 4 stairs to The Dungeons of Doom Level 5 Level 6 Level 7 many shops, a temple to Ptah, a magic chest, some fountains Level 8 Level 9 Level 10 Level 11 Level 12 The Quest: levels 1 to 5 Level 1 a magic chest, a throne portal to The Dungeons of Doom Level 2 Level 3 Level 4 Level 5 a temple to Thoth Sokoban: levels 6 to 9 Level 6 a magic chest Level 7 Level 8 Level 9 a magic chest stairs to The Dungeons of Doom History has recorded: On T:1 you entered the Dungeons of Doom to retrieve the Amulet of Yendor! On T:178 you reached level 2 of The Dungeons of Doom. On T:333 you advanced to experience level 2. On T:411 you reached level 3 of The Dungeons of Doom. On T:721 you advanced to experience level 3. On T:931 you reached level 4 of The Dungeons of Doom. On T:1230 you advanced to experience level 4. On T:1564 you reached level 5 of The Dungeons of Doom. On T:2050 you reached level 1 of The Gnomish Mines. On T:2159 you advanced to experience level 5. On T:2391 you reached level 2 of The Gnomish Mines. On T:2416 you advanced to experience level 6. On T:2859 you reached level 3 of The Gnomish Mines. On T:2982 you reached level 4 of The Gnomish Mines. On T:3072 you entered the Minetown temple On T:3087 you advanced to experience level 7. On T:3402 you opened a magic chest. On T:3532 you reached level 5 of The Gnomish Mines. On T:3536 you reached level 6 of The Gnomish Mines. On T:4317 you advanced to experience level 8. On T:4622 you reached level 7 of The Gnomish Mines. On T:4971 you reached level 8 of The Gnomish Mines. On T:5143 you reached level 9 of The Gnomish Mines. On T:5143 you reached the bottom of the Mines. On T:5146 you advanced to experience level 9. On T:6645 you reached level 6 of The Dungeons of Doom. On T:6875 you reached level 7 of The Dungeons of Doom. On T:7054 you reached level 8 of The Dungeons of Doom. On T:7234 you reached level 9 of The Dungeons of Doom. On T:7579 you reached level 10 of The Dungeons of Doom. On T:7692 you reached level 11 of The Dungeons of Doom. On T:7748 you reached level 4 of Sokoban. On T:7840 you opened a magic chest. On T:7921 you opened a magic chest. On T:7963 you opened a magic chest. On T:7989 you reached level 3 of Sokoban. On T:8530 you reached level 2 of Sokoban. On T:8578 you advanced to experience level 10. On T:9113 you reached level 1 of Sokoban. On T:9709 you advanced to experience level 11. On T:9709 you entered the Sokoban zoo. On T:9816 you opened a magic chest. On T:9823 you opened a magic chest. On T:9847 you opened a magic chest. On T:10096 you opened a magic chest. On T:10096 you opened a magic chest. On T:10097 you opened a magic chest. On T:12843 you advanced to experience level 12. On T:12876 you opened a magic chest. On T:12884 you opened a magic chest. On T:12889 you opened a magic chest. On T:12893 you opened a magic chest. On T:12894 you opened a magic chest. On T:12897 you opened a magic chest. On T:12898 you opened a magic chest. On T:12899 you opened a magic chest. On T:12907 you opened a magic chest. On T:12917 you opened a magic chest. On T:13204 you reached level 12 of The Dungeons of Doom. On T:13308 you reached level 13 of The Dungeons of Doom. On T:13610 you reached level 14 of The Dungeons of Doom. On T:13888 you reached level 15 of The Dungeons of Doom. On T:13948 you reached level 1 of The Quest. On T:14161 you reached level 16 of The Dungeons of Doom. On T:14453 you advanced to experience level 13. On T:14455 you advanced to experience level 14. On T:14509 you advanced to experience level 15. On T:14733 you opened a magic chest. On T:14739 you opened a magic chest. On T:15025 you embarked upon an epic quest. On T:15035 you reached level 2 of The Quest. On T:15057 you reached level 3 of The Quest. On T:15394 you reached level 4 of The Quest. On T:15432 you reached level 5 of The Quest. On T:15640 you killed Dark One on level 5 of The Quest. On T:15871 you completed the quest! On T:16240 you reached level 17 of The Dungeons of Doom. On T:16359 you reached level 18 of The Dungeons of Doom. On T:16436 you reached level 19 of The Dungeons of Doom. On T:16438 you reached level 20 of The Dungeons of Doom. On T:16823 you reached level 21 of The Dungeons of Doom. On T:16958 you reached level 22 of The Dungeons of Doom. On T:17016 you killed Medusa on level 22 of The Dungeons of Doom. On T:17052 you reached level 23 of The Dungeons of Doom. On T:17104 you reached level 24 of The Dungeons of Doom. On T:17220 you reached level 25 of The Dungeons of Doom. On T:17282 you reached level 26 of The Dungeons of Doom. On T:17313 you reached level 27 of The Dungeons of Doom. On T:17423 you reached The Castle. Score breakdown: Gold: 7655 ( 765 points) Experience: 15 levels ( 1400 points) Exploration: 28 levels ( 810 points) Discoveries: 133 items ( 2000 points) Variety of kills: 156 monsters ( 2000 points) Major goal: finished the Quest ( 2000 points) Survival: died (score multiplied by 3) Total score: 26925 Latest messages: You are caught in the ball of cold! You hear a blast. You are caught in the ball of cold! The island nymph resists the ball of cold! The island nymph is caught in the ball of cold! The island nymph resists the ball of cold! The island nymph is caught in the ball of cold! The island nymph resists the ball of cold! The giant eel is caught in the ball of cold! The island nymph is caught in the ball of cold! The island nymph resists the ball of cold! The giant eel is caught in the ball of cold! The island nymph is caught in the ball of cold! You kill the island nymph! You are caught in the ball of cold! (2x) The red dragon is caught in the ball of cold! You kill the red dragon! The magic missile hits the minotaur! The magic missile hits it. The minotaur hits! (2x) The minotaur butts! You die... The oilskin sack is empty. (2x) Final status: Goodbye Amaranta XI the Wizard, killed by a minotaur... You died in The Dungeons of Doom on dungeon level 28 with 26925 points, and 7655 pieces of gold, after 17434 moves. You were level 15 with a maximum of 122 hit points when you died.